Map: 2000 Atmospheres LE

Players

Neeb - Winner!

  • Race: Protoss Protoss

maru

  • Race: Terran Terran

Event: ASUS ROG Fall 2021

VOD

Have the link to the VOD?

Description

Time

  • Played on: Sept. 17, 2021, 12:27 p.m.
  • Length: 19:18

All games in this series

Show
View Real Time Build Order
Export as new Build Order

Neeb Protoss - Winner!

Build Orders: 1 Gate Expand, Phoenix Opening 

Get SALT Encoding   

  12  0:00  Probe  
  13  0:12  Probe  
  14  0:18  Pylon  
  14  0:24  Probe  
  15  0:36  Probe (Chrono Boost)  
  15  0:37  Gateway  
  16  0:45  Probe (Chrono Boost)  
  16  0:46  Assimilator  
  17  0:51  Probe  
  18  1:03  Probe  
  19  1:15  Probe  
  20  1:24  Cybernetics Core  
  20  1:33  Nexus  
  20  1:39  Zealot (Chrono Boost)  
  22  1:44  Pylon  
  22  1:50  Assimilator  
  22  1:52  Probe  
  22  2:02  Stalker (Chrono Boost)  
  25  2:08  Probe  
  25  2:10  Shield Battery  
  25  2:20  Probe  
  26  2:26  Stalker  
  28  2:33  Probe (Chrono Boost)  
  28  2:45  Probe (Chrono Boost)  
  28  2:46  Stargate  
  28  2:50  Probe (Chrono Boost)  
  29  2:53  Probe (Chrono Boost)  
  29  2:57  Probe (Chrono Boost)  
  31  3:01  Probe (Chrono Boost), Warp Gate  
  31  3:02  Probe (Chrono Boost)  
  33  3:12  Probe (Chrono Boost)  
  34  3:14  Probe (Chrono Boost)  
  35  3:26  Probe (Chrono Boost)  
  37  3:29  Phoenix  
  37  3:30  Probe (Chrono Boost)  
  37  3:33  Probe (Chrono Boost)  
  40  3:36  Probe (Chrono Boost)  
  40  3:40  Pylon, Probe  
  42  3:48  Probe  
  43  3:53  Probe  
  43  3:55  Nexus  
  44  4:01  Probe  
  45  4:05  Probe  
  45  4:06  Gateway  
  46  4:10  Gateway  
  46  4:13  Probe  
  46  4:16  Phoenix (Chrono Boost)  
  47  4:20  Probe  
  47  4:22  Pylon  
  50  4:28  Probe  
  50  4:30  Pylon  
  51  4:32  Probe  
  51  4:33  Phoenix (Chrono Boost)  
  54  4:39  Assimilator  
  54  4:40  Probe  
  54  4:44  Probe  
  56  4:49  Shield Battery  
  56  4:50  Stalker  
  56  4:52  Phoenix (Chrono Boost)  
  58  4:54  Probe  
  61  5:01  Probe  
  61  5:02  Stalker  
  61  5:05  Stalker  
  66  5:07  Probe  
  66  5:08  Probe  
  66  5:14  Probe  
  69  5:18  Twilight Council  
  69  5:23  Forge  
  67  5:29  Probe (Chrono Boost)  
  67  5:30  Probe x2 (Chrono Boost)  
  70  5:37  Pylon  
  70  5:39  Robotics Facility  
  70  5:40  Stalker x2  
  70  5:41  Probe x2 (Chrono Boost)  
  70  5:42  Probe (Chrono Boost)  
  77  5:45  Probe (Chrono Boost)  
  77  5:47  Probe (Chrono Boost)  
  79  5:53  Charge (Chrono Boost)  
  79  5:55  Protoss Ground Armor Level 1 (Chrono Boost)  
  79  5:56  Pylon  
  80  6:02  Gateway  
  80  6:04  Gateway  
  79  6:07  Gateway  
  79  6:09  Gateway  
  79  6:10  Gateway  
  79  6:12  Pylon  
  79  6:15  Shield Battery, Sentry  
  79  6:16  Zealot  
  79  6:18  Zealot  
  85  6:22  Pylon  
  85  6:25  Immortal (Chrono Boost)  
  89  6:43  Zealot x2  
  89  6:45  Zealot  
  95  6:52  Pylon  
  95  6:53  Pylon  
  95  6:55  Pylon  
  95  6:57  Warp Prism  
  95  6:59  Zealot x2  
  99  7:04  Zealot x3  
  105  7:09  Zealot x3  
  105  7:15  Templar Archives  
  111  7:22  Zealot x2  
  93  7:30  Zealot x5  
  95  7:38  Assimilator, Probe  
  95  7:40  Assimilator  
  94  7:45  Zealot x3  
  94  7:49  Protoss Ground Weapons Level 1 (Chrono Boost)  
  100  7:54  Zealot x5  
  100  7:56  Probe  
  100  7:58  Probe  
  112  7:59  Probe  
  112  8:03  Photon Cannon  
  113  8:08  Probe  
  114  8:14  Robotics Bay  
  114  8:15  Robotics Facility, Probe  
  114  8:18  Probe  
  116  8:20  Pylon, Probe  
  116  8:25  Photon Cannon, Zealot  
  117  8:32  Probe  
  112  8:36  Observer (Chrono Boost)  
  112  8:37  Probe x2  
  112  8:39  Assimilator  
  113  8:41  Nexus  
  113  8:42  Pylon  
  113  8:45  High Templar x4  
  113  8:46  Zealot x4  
  129  8:49  Archon  
  129  8:50  Archon  
  129  8:52  Observer (Chrono Boost)  
  130  8:59  Pylon, Photon Cannon  
  130  9:02  Shield Battery, Photon Cannon  
  128  9:10  Zealot x4  
  136  9:17  Zealot x4  
  136  9:22  Colossus (Chrono Boost)  
  134  9:27  Colossus (Chrono Boost)  
  134  9:41  Protoss Ground Weapons Level 2 (Chrono Boost)  
  134  9:43  Nexus  
  134  9:46  Extended Thermal Lance  
  134  9:50  Zealot x3  
  134  9:51  High Templar x2, Zealot  
  146  9:56  Archon  
  140  10:08  Pylon  
  138  10:18  Pylon  
  138  10:20  Pylon  
  138  10:21  Pylon  
  136  10:23  Pylon  
  136  10:24  Pylon  
  134  10:31  Forge  
  133  10:36  Zealot x4  
  141  10:43  Colossus x2  
  141  10:45  Pylon  
  141  10:47  Pylon, Zealot  
  141  10:48  Zealot  
  157  10:50  Zealot x2  
  161  10:58  Nexus  
  161  11:03  Protoss Ground Armor Level 2 (Chrono Boost), High Templar  
  161  11:04  High Templar x3  
  163  11:07  Pylon  
  163  11:16  Blink (Chrono Boost)  
  162  11:19  Stalker x3  
  162  11:20  Stalker  
  162  11:24  Archon x2  
  168  11:32  Nexus  
  168  11:38  Pylon x2  
  168  11:43  High Templar x2  
  168  11:44  Zealot x6  
  182  11:48  Archon  
  182  11:53  Pylon  
  174  12:04  Disruptor (Chrono Boost)  
  174  12:06  Zealot x5  
  190  12:12  Probe x3  
  190  12:15  Shield Battery  
  193  12:16  Shield Battery  
  193  12:18  Disruptor (Chrono Boost)  
  193  12:21  Dark Shrine  
  193  12:29  Disruptor (Chrono Boost)  
  193  12:35  Assimilator, Protoss Ground Weapons Level 3 (Chrono Boost)  
  196  12:39  Assimilator, Disruptor  
  177  13:00  Zealot x8  
  191  13:10  Disruptor (Chrono Boost)  
  187  13:15  Disruptor (Chrono Boost)  
  183  13:25  Nexus  
  172  13:27  Probe x3  
  172  13:28  Pylon  
  173  13:37  Dark Templar x2  
  173  13:38  Disruptor  
  180  13:41  High Templar x2  
  180  13:42  Zealot x4  
  180  13:46  Archon  
  180  13:48  Disruptor  
  195  13:50  Protoss Ground Armor Level 3 (Chrono Boost)  
  195  13:52  Photon Cannon  
  193  14:21  Disruptor (Chrono Boost)  
  195  14:24  Zealot x2  
  195  14:25  Disruptor (Chrono Boost)  
  195  14:28  Shadow Stride (Chrono Boost)  
  197  14:36  Photon Cannon  
  197  14:38  Photon Cannon  
  197  14:46  Dark Templar  
  185  15:13  Zealot x5  
  185  15:14  Zealot x2  
  163  15:17  Disruptor x2 (Chrono Boost)  
  163  15:36  Dark Templar x7  
  163  15:37  Dark Templar  
  163  15:38  Gateway  
  163  15:40  Nexus  
  163  15:41  Gateway  
  179  15:43  Probe x3  
  179  15:45  Pylon  
  179  15:48  Observer x2 (Chrono Boost)  
  184  15:56  Protoss Shields Level 1 (Chrono Boost)  
  184  15:59  Probe  
  185  16:09  Gateway  
  185  16:10  Dark Templar x4  
  193  16:11  Gateway  
  193  16:13  Stalker x3  
  193  16:14  Gateway  
  193  16:16  Gateway  
  197  16:31  Stalker  
  173  17:09  Photon Cannon  
  173  17:10  Assimilator  
  173  17:13  Assimilator, Zealot x9  
  173  17:14  Disruptor  
  173  17:15  Disruptor, Photon Cannon  
  191  17:18  Nexus  
  191  17:20  Pylon  
  181  17:34  Stalker x9  
  197  17:50  Nexus  
  187  17:57  Zealot x2  
Show
View Real Time Build Order
Export as new Build Order

maru Terran 

Build Orders:  

Get SALT Encoding   

  12  0:00  SCV  
  13  0:12  SCV  
  14  0:17  Supply Depot  
  14  0:24  SCV  
  15  0:38  SCV  
  15  0:40  Barracks  
  16  0:44  Refinery  
  16  0:50  SCV  
  16  0:53  Refinery  
  17  1:02  SCV  
  18  1:14  SCV  
  19  1:27  Reaper, Orbital Command  
  20  1:42  Factory  
  20  1:48  Supply Depot  
  20  1:53  SCV  
  21  2:03  Bunker  
  21  2:05  SCV  
  22  2:18  SCV  
  23  2:30  SCV  
  23  2:34  Starport  
  23  2:35  Barracks Reactor, Widow Mine  
  25  2:42  SCV  
  25  2:43  Command Center  
  26  2:48  Supply Depot  
  26  2:54  SCV  
  26  2:57  Widow Mine  
  29  3:12  Marine x2  
  33  3:13  SCV  
  34  3:21  Factory Tech Lab  
  34  3:22  Viking  
  34  3:25  SCV  
  34  3:29  Marine  
  34  3:30  Marine  
  34  3:31  Barracks  
  36  3:41  Cyclone  
  39  3:46  Supply Depot  
  39  3:54  Marine x2  
  41  3:57  SCV  
  41  3:59  Viking  
  44  4:10  SCV  
  44  4:13  Marine x2, Cyclone  
  50  4:21  Orbital Command  
  50  4:23  Barracks Tech Lab  
  50  4:25  SCV  
  50  4:30  Medivac  
  53  4:36  Supply Depot  
  53  4:37  Marine  
  53  4:38  Marine  
  55  4:41  SCV  
  56  4:48  Siege Tank  
  59  4:53  SCV  
  59  4:56  Marine  
  59  4:57  Marine, Engineering Bay  
  59  4:59  SCV  
  63  5:03  Stimpack  
  63  5:06  SCV  
  64  5:10  Supply Depot  
  64  5:14  Starport Reactor  
  64  5:15  Marine x2  
  64  5:16  Marine  
  64  5:20  SCV  
  65  5:26  SCV  
  61  5:32  SCV, Terran Infantry Weapons Level 1  
  62  5:37  Marine  
  62  5:38  Marine x2  
  62  5:41  SCV  
  66  5:43  Refinery  
  66  5:46  Barracks  
  66  5:49  SCV  
  67  5:53  SCV  
  67  5:55  Marine  
  67  5:56  Supply Depot  
  67  5:57  Marine x2  
  69  5:59  Siege Tank  
  69  6:01  SCV  
  75  6:07  Supply Depot  
  75  6:08  SCV  
  76  6:13  Marine, SCV  
  78  6:19  Starport Reactor  
  78  6:20  SCV, Supply Depot  
  78  6:24  Missile Turret x2  
  79  6:26  Marine x2, SCV  
  79  6:31  Marine  
  79  6:32  SCV  
  84  6:38  SCV  
  82  6:43  Combat Shield  
  82  6:44  Marine x4, SCV  
  85  6:49  Marine  
  85  6:50  SCV  
  87  6:58  Medivac x2  
  87  6:59  SCV  
  92  7:01  Marine  
  92  7:02  Marine  
  92  7:04  Supply Depot  
  92  7:06  Marine  
  92  7:07  Marine x2  
  97  7:12  Siege Tank  
  100  7:19  Marine  
  100  7:21  SCV  
  102  7:29  Medivac  
  87  7:30  Medivac  
  87  7:31  SCV  
  87  7:33  SCV  
  83  7:40  Command Center  
  83  7:43  SCV  
  79  7:45  SCV  
  79  7:46  Barracks  
  79  7:47  Barracks  
  79  7:54  Marine x3  
  79  7:55  Marauder  
  79  7:58  Concussive Shells, Widow Mine x2  
  83  8:00  SCV x2  
  85  8:11  Refinery  
  85  8:12  SCV x2  
  86  8:14  Marine x2  
  86  8:15  Marauder  
  86  8:16  Marauder  
  86  8:19  Widow Mine  
  94  8:21  Armory  
  93  8:31  SCV x2  
  94  8:35  Barracks Tech Lab  
  94  8:37  Marine x2, Marauder x2  
  94  8:40  Supply Depot  
  100  8:48  Widow Mine, Medivac x2, Barracks Tech Lab  
  106  8:49  Widow Mine  
  106  8:52  Supply Depot  
  106  8:54  Marine x2, SCV x2  
  112  8:58  Marauder  
  112  8:59  Marauder  
  116  9:06  SCV  
  116  9:08  SCV  
  118  9:10  Marauder x2  
  118  9:13  Marine  
  118  9:15  Supply Depot  
  117  9:18  SCV x2  
  117  9:20  Marauder x2  
  117  9:21  Marine  
  119  9:24  SCV  
  119  9:31  Marine  
  117  9:33  SCV  
  117  9:36  Orbital Command  
  116  9:44  SCV  
  116  9:45  Marine, SCV  
  121  9:46  Marauder  
  121  9:52  Terran Infantry Weapons Level 2  
  120  9:56  SCV  
  120  9:58  Marine  
  120  9:59  SCV  
  123  10:00  Engineering Bay  
  123  10:05  Marine, Marauder  
  123  10:06  SCV  
  122  10:08  Widow Mine  
  122  10:13  SCV  
  123  10:18  Marine, Marauder  
  125  10:21  SCV  
  125  10:22  SCV  
  125  10:25  Marine, SCV, Marauder  
  125  10:26  Marine, Marauder  
  134  10:30  Supply Depot  
  134  10:34  Terran Infantry Armor Level 1, SCV  
  135  10:37  SCV  
  135  10:38  SCV  
  135  10:39  Supply Depot  
  135  10:41  Widow Mine x2  
  141  10:46  SCV  
  141  10:49  SCV  
  140  10:50  SCV  
  140  10:52  Marine, Marauder x2  
  140  10:56  Viking  
  143  10:58  SCV  
  143  11:00  Viking  
  143  11:02  SCV  
  144  11:05  SCV  
  143  11:14  Ghost Academy  
  143  11:22  SCV  
  143  11:23  Supply Depot  
  144  11:26  Viking  
  144  11:30  Viking  
  148  11:35  Missile Turret  
  148  11:40  SCV x2  
  148  11:43  Supply Depot  
  148  11:44  Sensor Tower  
  148  11:45  Ghost  
  148  11:46  Ghost x3  
  153  11:55  Enhanced Shockwaves  
  153  12:00  SCV  
  150  12:01  Refinery  
  150  12:02  Refinery, Command Center  
  150  12:13  Widow Mine x2  
  150  12:14  SCV x3, Ghost  
  159  12:20  Ghost  
  161  12:24  Supply Depot  
  161  12:34  Viking x2, Widow Mine x2  
  169  12:42  SCV x2  
  169  12:43  Ghost  
  172  12:44  Marine x2  
  172  12:45  Marauder x2  
  170  13:03  Ghost  
  170  13:05  Ghost  
  163  13:15  Marine, Marauder  
  163  13:18  Marine, Marauder  
  157  13:20  SCV x2  
  157  13:23  SCV  
  160  13:31  Marine  
  160  13:32  Marine, SCV  
  162  13:34  Marauder  
  162  13:35  Marine  
  162  13:36  Widow Mine x2, Marauder  
  162  13:39  Marauder  
  173  13:47  SCV x2  
  175  13:49  Ghost  
  175  13:50  Marine  
  175  13:53  Medivac x2  
  175  13:55  Ghost  
  182  14:00  Terran Infantry Armor Level 2  
  182  14:10  Planetary Fortress, Missile Turret  
  182  14:13  Marine, Marauder  
  175  14:27  Refinery  
  175  14:28  SCV x2  
  175  14:30  Sensor Tower  
  175  14:34  Marine x2, Marauder x2  
  175  14:35  Marauder  
  183  14:45  Terran Infantry Weapons Level 3  
  183  14:47  Missile Turret  
  183  14:51  Marine  
  183  14:52  Missile Turret  
  182  14:53  Widow Mine  
  182  14:54  Widow Mine  
  182  14:56  Marauder  
  167  15:07  Marine x2  
  167  15:08  Marauder x2  
  167  15:09  Marine, Viking  
  126  15:17  Marauder  
  121  15:25  Marine x2  
  121  15:27  Marauder  
  123  15:29  Marine x2  
  123  15:33  Sensor Tower  
  125  15:38  Marauder  
  127  15:43  Barracks  
  127  15:44  Barracks  
  127  15:46  Widow Mine x2, Ghost x2  
  127  15:47  Ghost  
  137  15:50  Marine x2  
  132  16:00  Marauder  
  134  16:07  Marine x2, Missile Turret  
  134  16:08  Widow Mine x2  
  140  16:15  SCV, Ghost  
  140  16:16  Marauder  
  140  16:17  Marauder  
  147  16:21  Ghost  
  147  16:25  Marine x2, SCV, Refinery  
  149  16:26  Refinery  
  149  16:27  SCV  
  149  16:29  Widow Mine x2  
  149  16:30  Liberator  
  149  16:37  Marauder  
  149  16:38  Marauder  
  153  16:40  Barracks Tech Lab  
  153  16:41  Barracks Tech Lab  
  153  16:43  Barracks Reactor  
  153  16:45  SCV  
  154  16:50  Widow Mine x2  
  153  17:03  Marine  
  153  17:04  Marauder x2  
  132  17:11  Marine x2, Marauder  
  132  17:12  Widow Mine x2, Marauder  
  135  17:21  Marine  
  134  17:25  Marauder x2  
  129  17:31  Marine x2, Marauder  
  129  17:33  Widow Mine x2, Marauder  
  129  17:34  Medivac x2  
  143  17:40  Supply Depot  
  127  17:52  Marine  
  127  17:53  Marauder  
  127  17:54  Widow Mine  
  127  17:55  Widow Mine  
  127  17:56  Marine x2  
  127  17:57  Marauder x2  
  135  18:04  Medivac  
  132  18:16  Widow Mine  
  130  18:22  Ghost  
  113  18:36  SCV  
  108  18:47  Marine  
  108  18:48  Marauder  
  103  18:50  Widow Mine x2  
  103  18:51  Marine  
  103  18:52  Marauder  
  100  19:00  Marine  
Tags
 
Add a new tag
Caveats
  • Supply blocks, unpowered buildings, or Contaminate may cause inaccurate times.
  • Supply counts are checked every 10 seconds.